Cogmind - Beta 15 @@@ ROGUE MODE // 2025.07.20 @ 22:51:01 Player: Skysub Result: Destroyed by JW-GPI(R) with Subdweller Beam Cannon Performance ------------- Evolutions (0) 0 Regions Visited (2) 400 Robots Destroyed (22) 110 Value Destroyed (544) 544 Prototype IDs (0) 0 Alien Tech Used (0) 0 Bonus (0) 0 TOTAL SCORE: 1054 Bonus ------- None Cogmind --------- Core Integrity 0/250 Matter 290/300 Energy 87/100 System Corruption 0% Temperature Cool (9) Movement Rolling (95) Ox1 Location -10/Subcaves Parts ------- > --- POWER (1) -------- (None) > --- PROPULSION (2) --- Wheel > --- UTILITY (2) ------ Medium Storage Unit Structural Scanner > --- WEAPON (2) ------- Mining Claw > --- INVENTORY (10) --- Light Ion Engine Subdweller Power Source Subdweller Monowheel Small Storage Unit Small Laser Small Laser Subdweller Machine Gun Grenade Launcher Grenade Launcher Peak State ------------ > --- POWER ------------ Ion Engine > --- PROPULSION ------- Light Treads Wheel > --- UTILITY ---------- Medium Storage Unit Structural Scanner > --- WEAPON ----------- Assault Rifle Mining Claw > --- INVENTORY -------- Light Ion Engine Wheel Subdweller Monowheel Small Storage Unit Small Laser Small Laser Subdweller Machine Gun Grenade Launcher Grenade Launcher [Rating: 8] Favorites ----------- Power Ion Engine Engine Ion Engine Propulsion Light Treads Treads Light Treads Wheel Wheel Utility Medium Storage Unit Device Structural Scanner Storage Medium Storage Unit Weapon Assault Rifle Energy Gun Small Laser Ballistic Gun Assault Rifle Slashing Weapon Mining Claw Build | -11 -10 -10 ------- Run | Yrd Mat Sub Slots Evolved . | . . . Power . | . . . Propulsion . | . . . Utility . | . . . Weapon . | . . . Parts Attached 14 | 6 6 2 Power 2 | 1 1 . Engine 2 | 1 1 . Core . | . . . Reactor . | . . . Propulsion 4 | 2 1 1 Treads 2 | 2 . . Leg . | . . . Wheel 2 | . 1 1 Hover . | . . . Flight . | . . . Utility 3 | 1 2 . Device 1 | . 1 . Storage 2 | 1 1 . Processor . | . . . Hackware . | . . . Protection . | . . . Artifact . | . . . Weapon 5 | 2 2 1 Energy Gun 1 | . 1 . Energy Cannon . | . . . Ballistic Gun 3 | 2 1 . Ballistic Cannon . | . . . Launcher . | . . . Special Weapon . | . . . Impact Weapon . | . . . Slashing Weapon 1 | . . 1 Piercing Weapon . | . . . Special Melee Weapon . | . . . Unidentified Prototypes . | . . . Parts Lost 8 | . 4 4 Power 2 | . 1 1 Propulsion 3 | . 1 2 Utility . | . . . Weapon 3 | . 2 1 Highest Loss Streak 3 | . 2 3 To Critical Strikes . | . . . Average Backups 8 | 3 8 8 Power 1 | . 1 1 Propulsion 1 | 1 1 1 Utility . | . . 1 Weapon 4 | 1 4 4 Tool/Special . | . . . Unused Backups 8 | . 1 7 Power 2 | . . 2 Propulsion 1 | . . 1 Utility . | . . . Weapon 5 | . 1 4 Tool/Special . | . . . Average Slot Usage (%) 86 | . 83 93 Engine 11 | . 12 9 Treads 23 | . 27 13 Wheel 4 | . . 13 Device 3 | . . 14 Storage 14 | . 14 14 Energy Gun 3 | . 3 1 Ballistic Gun 21 | . 23 13 Slashing Weapon 3 | . . 12 Peak Build Rating 8 | 6 7 8 Average Rating 6 | 5 6 7 On Entrance 4 | . 6 7 Naked Turns . | . . . Heaviest Build 20 | 13 19 20 Greatest Support 40 | 40 40 10 Greatest Overweight (x) 1 | . 1 1 Average Overweight (x) . | . . 1 Largest Inventory Capacity 10 | 8 10 10 Average Capacity 9 | 6 9 10 Most Carried 10 | 5 10 10 Average Carried 8 | 3 8 8 Final Capacity 10 | 8 10 10 Final Carried 9 | 5 7 9 Class Distribution -------------------- 100% | Mutant Dominant Class ---------------- Mutant | -10/Materials Mutant | -10/Subcaves Resources | -11 -10 -10 ----------- Run | Yrd Mat Sub Matter Collected 594 | 264 310 20 Remotely . | . . . Salvage Created 702 | 22 627 53 Parts 48 | 2 44 2 Haulers Intercepted . | . . . Recyclers Shooed . | . . . Parts Field Recycled . | . . . Retrieved Matter . | . . . Parts Self-Destructed . | . . . Prevented . | . . . Kills | -11 -10 -10 ------- Run | Yrd Mat Sub Combat Hostiles Destroyed 18 | . 17 1 Melee 1 | . . 1 Guns 17 | . 17 . Classes Destroyed 6 | 1 4 1 Builder 2 | . 2 . Tunneler 1 | 1 . . Watcher 1 | . 1 . Swarmer 5 | . 5 . Grunt 12 | . 12 . Subdweller 1 | . . 1 Best Kill Streak 3 | 1 3 1 Combat Bots Only 3 | . 3 1 Max Kills in Single Turn 1 | 1 1 1 Gunslinging . | . . . Exploded . | . . . Melee 1 | . . 1 Uniques/NPCs Destroyed . | . . . Combat | -11 -10 -10 -------- Run | Yrd Mat Sub Hostile Shots Fired 119 | . 99 20 Missed 33 | . 25 8 Hits 86 | . 74 12 Projectile 86 | . 74 12 Critical Strikes 2 | . . 2 Damage Taken 1067 | . 772 295 Core 255 | . 166 89 Absorbed by Shields . | . . . Core Remaining (%) 100 | 100 . . Volleys Fired 73 | 1 72 . Largest 2 | 2 2 . Hottest 60 | 40 60 . Shots Fired 139 | 2 137 . Gun 139 | 2 137 . Cannon . | . . . Launcher . | . . . Special . | . . . Kinetic 130 | 2 128 . Thermal 9 | . 9 . Explosive . | . . . Electromagnetic . | . . . Robot Hit Streak 13 | 1 13 . Robot Miss Streak 5 | . 5 . Penetration Max . | . . . Secondary Targets 3 | . 3 . Max Gunslinging Chain 1 | . 1 . Shots Hit Robots 105 | 1 93 11 Core Hits 42 | 1 38 3 Critical Kills . | . . . Critical Parts Destroyed . | . . . Critical Strikes . | . . . Melee Attacks 20 | . . 20 Impact . | . . . Slashing 20 | . . 20 Piercing . | . . . Sneak Attacks 1 | . . 1 Combat Hostiles . | . . . Follow-up Attacks . | . . . Damage Inflicted 1286 | 21 1006 259 Guns 1017 | 13 1004 . Cannons . | . . . Explosions . | . . . Melee 259 | . . 259 Ramming 10 | 8 2 . Kinetic 941 | 13 928 . Thermal 76 | . 76 . Explosive . | . . . Electromagnetic . | . . . Impact . | . . . Slashing 259 | . . 259 Piercing . | . . . Highest Corruption . | . . . Average Corruption . | . . . Corruption Purged . | . . . Corruption Blocked . | . . . Overload Shots . | . . . Overflow Damage . | . . . Projectiles . | . . . Explosions . | . . . Melee . | . . . Knockbacks . | . . . Impact . | . . . Kinetic . | . . . Secondary . | . . . Self-Inflicted Damage . | . . . Shots . | . . . Rammed 2 | 1 1 . Targets Rammed 2 | 1 1 . Kicked . | . . . Crushed . | . . . Highest Temperature 220 | . 24 220 Average Temperature 20 | . 8 122 Received Heat Transfer 673 | . 333 340 Siege Activations . | . . . Martial Activations . | . . . Shielding Activations . | . . . Robots Disrupted . | . . . Combat Hostiles . | . . . Robots Corrupted . | . . . Combat Hostiles . | . . . Parts Fried . | . . . Impact Corruptions . | . . . Robots Melted . | . . . Combat Hostiles . | . . . Parts Melted . | . . . Heat Transferred 175 | . 175 . Parts Sabotaged . | . . . Parts Stolen . | . . . Parts Stripped . | . . . Power Chain Reactions . | . . . Alert | -11 -10 -10 ------- Run | Yrd Mat Sub Maximum Alert Level 1 | . 1 . Low Security (%) 95 | 100 95 . Level 1 4 | . 4 . Level 2 . | . . . Level 3 . | . . . Level 4 . | . . . Level 5 . | . . . High Security . | . . . Max Security . | . . . Peak Influence 214 | 5 214 . Initial . | . . . Average 88 | . 97 . Influence Increases 586 | 5 581 . Destroy 0b10 Robot/C 340 | . 340 . Destroy 0b10 Robot/NC 20 | 5 15 . Destroy Leader 82 | . 82 . Successful Hack 8 | . 8 . Select Force Hacks 60 | . 60 . Destroy Structure 1 | . 1 . Lose Combat Pursuer 75 | . 75 . Influence Decreases 586 | 5 402 179 Entered New Map 87 | . . 87 Time Decay 459 | 5 362 92 Lost Part 40 | . 40 . Squads Dispatched 5 | . 5 . Investigation 4 | . 4 . Extermination . | . . . Reinforcement 1 | . 1 . Assault . | . . . Garrison . | . . . Intercept . | . . . Searches Triggered . | . . . Construction Impeded . | . . . Haulers Reinforced . | . . . Active Scanning Responses . | . . . Cargo Convoy Interrupts . | . . . Stealth | -11 -10 -10 --------- Run | Yrd Mat Sub Distress Signals 1 | . 1 . Communications Jammed . | . . . Distress Signals . | . . . Times Spotted 34 | . 29 5 Peak Tracking Total 6 | . 6 2 Tactical Retreats 6 | . 4 2 Traps | -11 -10 -10 ------- Run | Yrd Mat Sub Traps Triggered 2 | . 2 . Indirectly . | . . . Trap Hack Attempts . | . . . Triggered . | . . . Disarmed . | . . . Reprogrammed . | . . . Reused . | . . . Traps Extracted . | . . . Installed . | . . . Triggered . | . . . Machines | -11 -10 -10 ---------- Run | Yrd Mat Sub Machines Disabled . | . . . Max in Single Turn . | . . . Machines Repaired . | . . . Machines Dismantled . | . . . Machines Sabotaged . | . . . Overloaded Fab Kills . | . . . Hacking | -11 -10 -10 --------- Run | Yrd Mat Sub Machines Accessed 8 | . 8 . Terminals 6 | . 6 . Fabricators . | . . . Repair Stations . | . . . Recycling Units 2 | . 2 . Scanalyzers . | . . . Garrison Access . | . . . Total Hacks 19 | . 19 . Successful 11 | . 11 . Failed 8 | . 8 . Catastrophic . | . . . Database Lockouts . | . . . Manual 15 | . 15 . Terminals 14 | . 14 . Fabricators . | . . . Repair Stations . | . . . Recycling Units 5 | . 5 . Scanalyzers . | . . . Garrison Access . | . . . Terminal Hacks 1 | . 1 . Zone Layout 1 | . 1 . Fabricator Hacks . | . . . Repair Station Hacks . | . . . Recycling Unit Hacks 2 | . 2 . Report Inventory 2 | . 2 . Scanalyzer . | . . . Garrison Access Hacks . | . . . Unauthorized Hacks 8 | . 8 . Terminals 6 | . 6 . Skim 6 | . 6 . Fabricators . | . . . Repair Stations . | . . . Recycling Units 2 | . 2 . Tunnel 2 | . 2 . Scanalyzers . | . . . Garrison Access . | . . . Data Cores Recovered . | . . . Used . | . . . Hacking Detections 6 | . 6 . Full Trace Events . | . . . Feedback Events . | . . . Feedback Blocked . | . . . Robot Schematics Acquired . | . . . Robots Built . | . . . Authchips . | . . . Time . | . . . Total Robot Build Rating . | . . . Part Schematics Acquired . | . . . Parts Built . | . . . Authchips . | . . . Time . | . . . Total Part Build Rating . | . . . Parts Repaired . | . . . Time . | . . . Parts Recycled . | . . . Recycled Matter . | . . . Retrieved Matter . | . . . Retrieved Components . | . . . Parts Scanalyzed . | . . . Part Schematics Acquired . | . . . Parts Damaged . | . . . Bothacking | -11 -10 -10 ------------ Run | Yrd Mat Sub Used RIF Installer . | . . . Robots Hacked . | . . . Non-combat . | . . . Combat . | . . . Robot Hacks Applied . | . . . Relay Couplers Released . | . . . Fabnet Peak Effective % . | . . . Robots Rewired . | . . . Allies Hacked . | . . . Hacks Repelled . | . . . Allies | -11 -10 -10 -------- Run | Yrd Mat Sub Total Allies . | . . . Largest Group . | . . . Highest-Rated Group . | . . . Highest-Rated Ally . | . . . Total Orders . | . . . Ally Attacks . | . . . Total Damage . | . . . Kills . | . . . Allies Corrupted . | . . . Allies Melted . | . . . Intel | -11 -10 -10 ------- Run | Yrd Mat Sub Active Infowar (turns) 381 | . 7 374 Structural 381 | . 7 374 Robot Analysis Total . | . . . Derelict Logs Recovered . | . . . Drone Launches . | . . . Drone Recoveries . | . . . Exploration | -11 -10 -10 ------------- Run | Yrd Mat Sub Turns Passed 1536 | 104 1058 374 Spaces Moved 875 | 61 501 313 Core 10 | 10 . . Treads 503 | 51 452 . Legs . | . . . Wheels 362 | . 49 313 Hover . | . . . Flight . | . . . Fastest Speed 50 | 50 95 95 Average Speed 131 | 141 153 95 Slowest Speed 160 | 160 160 95 Overloaded Moves . | . . . Propulsion Burnouts . | . . . Robots Hopped . | . . . Potential Cave-ins . | . . . Cave-ins Triggered . | . . . Exploration Rate (%) 41 | 4 98 21 Regions Visited 2 Branch Regions 1 Pre-discovered Areas 2 | . 2 . Known Exits Taken 1 | . 1 . Unknown Exits Taken 1 | 1 . . Scrap Searched 3 | . . 3 Spaces Dug . | . . . Terrain Destroyed . | . . . Melee . | . . . Projectile . | . . . AOE . | . . . Terrain Rammed . | . . . Walls Destroyed . | . . . Machines Disabled . | . . . Actions | -11 -10 -10 --------- Run | Yrd Mat Sub Total 1085 | 73 661 351 Wait 88 | . 75 13 Move 874 | 61 500 313 Hop . | . . . Pick Up 13 | 5 5 3 Fast Attach 9 | 6 3 . Attach 4 | . 3 1 Detach 1 | . 1 . Swap 1 | . . 1 Drop 1 | . 1 . Fire 73 | 1 72 . Melee 20 | . . 20 Ram . | . . . Kick . | . . . Crush 1 | . 1 . Escape Stasis . | . . . Rewire . | . . . Trap . | . . . Miscellaneous . | . . . Route ------- -11/Scrapyard -10/Materials (discovered 6 exits: [*Mat x3] / [*Min x2] / *Sub) -10/Subcaves (discovered 1 exit: [*Mat]) History --------- Turn | Location | Event 7 | -11/Scrapyard | Discovered new exit (range 15) 105 | -11/Scrapyard | Entered Materials 270 | -10/Materials | Discovered new exit (range 15) 305 | -10/Materials | Build established: Mutant 608 | -10/Materials | Discovered new exit (range 16) 863 | -10/Materials | Core integrity fell below 50% 878 | -10/Materials | Discovered new exit (range 16) 964 | -10/Materials | Discovered new exit (range 11) 1051 | -10/Materials | Discovered new exit (range 13) 1095 | -10/Materials | Learned Storage emergency access door positions 1149 | -10/Materials | Identified exit to Subcaves 1149 | -10/Materials | Learned location of 1 exit from Materials 1161 | -10/Materials | Learned Materials emergency access door positions 1163 | -10/Materials | Entered Subcaves 1183 | -10/Subcaves | A swath of the cavern ceiling suddenly collapsed 1219 | -10/Subcaves | Discovered new exit (range 13) 1536 | -10/Subcaves | Core integrity fell below 20% 1537 | -10/Subcaves | Destroyed by JW-GPI(R) with Subdweller Beam Cannon Last Messages --------------- 01348_ Searching scrap... 01348_ Found Sub. Beam Cannon. 01348_ Found Sub. Optics. 01348_ Found 46 Matter. 01349_ Searching scrap... 01349_ Found Battle Rifle. 01349_ Found Sub. Power Source. 01349_ Found 56 Matter. 01353_ Subatomizers dissect the Sub. Power Source. 01354_ Acquired Sub. Machine Gun. 01356_ Acquired Sub. Power Source. 01375_ Critical hit (Meltdown: +250). 01400_ Ion Engine destroyed. 01401_ W3-HJN(R) Sub. Beam Cannon ripped off. 01448_ Subatomizers dissect the Wheel. 01484_ M0-27T(u) tweaks Twisted Machinery. 01528_ Assault Rifle destroyed. 01528_ Lgt. Treads destroyed. 01528_ Wheel destroyed. Map ----- +----------------------------------------------------+ | ?????????????????????????????????????????????????? | | ?????????????????????????????????????????????????? | | ?????????????????????????????????????????????????? | | ?????????????????????????????????????????????????? | | ?????????????????????????????????????????????????? | | ?????????????????????????????????????????????????? | | ?????????????????????????????????????????????????? | | ?????????????????????????????????????????????????? | | ?????????????????????????????????????????????????? | | ?????????????????????????????????????????????????? | | ?????????????????????????????????????????????????? | | ?????????????????????????????????????????????????? | | ?????????????????????????????????????????????????? | | ?????????????###??## ???????????######???????????? | | ?????????????## ??## ???????????#######??????????? | | ?????????????## ### ???????????## ###??????????? | | ????????????? # ### ???????????### ###?????????? | | ????????????? ???????????## ####????????? | | ??????????????? ???????????## ##########?? | | ????????????????? ??######??## ##########? | | ?????????????????? ?########?## """"" ###? | | ??????????????????### ### ###### """"" ##? | | ?????????????????### ## ###### """"""" ##? | | ????????????????##### ### """"" " ???? | | ????????????????### % """""##????? | | ???????????????### @ ##????? | | ???????????????## R ###????? | | ???????????? ###????? | | ??????????? ### ##?????? | | ??????????? ###### ######?????? | | ???????????## ## ##### ######?????? | | ???????????#### ######## ##??######## | | ???????????#### ##### ############# | | ????????????? #???##### ######## # # | | ????????????? ##???###### ##### % | | ?????????????? ######??????#### ##### % | | ?????????????? ######????????#### ##### # | | ??????????????? ##?????????????### #### % # | | ????????????????????????????????## ## # | | ????????????????????????????????##### # | | ????????????????????????????????###### | | ???????????????????????????????????### %### | | ???????????????????????????????????### % #### | | ??????????????????????????????????### #### | | ?????????????????????????????????### #### | | ?????????????????????????????????## ## | | ?????????????????????????????????### ## | | ?????????????????????????????????##### #### | | ??????????????????????????????????#### ######## | | ????????????????????????????????????############?? | +----------------------------------------------------+ Best States ------------- Heat Dissipation 25 Energy Generation 10 Energy Capacity 250 Matter Stores 300 Matter Capacity 300 Sight Range 16 Terrain Scan Density 10 Evasion (%) 50 Recoil Reduction 2 Item Schematics ----------------- None Robot Schematics ------------------ None Fabricated ------------ Nothing Repaired ---------- Nothing Alien Tech Used ----------------- None Achievements -------------- None Challenges ------------ None Game ------ Seed BackupTacticalRipper Manual? 0 Play Time 00:11:35 Cumulative 166.5 hours Start 2025.07.20 @ 22:41:45 End 2025.07.20 @ 22:51:01 Sessions 1 Manual Loads 0 Difficulty Rogue Special Mode None Game No. 186 Rogue 186 Adventurer 0 Explorer 0 Win Type - Total 3 Types 1/0/0/1/0/0/0/0/0/1 Lore% 67 Gallery% 62 Achievement% 55 Wizard Run 0 Options --------- Layout 1 ASCII 0 Keyboard 1 Movement Arrows Keybinds 0 Fullscreen 1 Font 36/Smallcaps Map View 50x40 Zoom Use 0% Tactical HUD 1 Map Filters NONE Filters NONE Steam 1 RUN: 023349c7-4fef-4ba0-af1f-94bd1af936f4